 Dungeon Crawl Stone Soup version 0.17-a0-2118-g63bad21 (webtiles) character file.

63 4thArraOfDagon the Ducker (level 4, 3/30 HPs)
             Began as an Octopode Artificer on Oct 20, 2015.
             Quit the game on level 4 of the Dungeon.
             The game lasted 00:02:57 (491 turns).

4thArraOfDagon the Ducker (Octopode Artificer)       Turns: 491, Time: 00:02:57

Health: 3/30       AC:  1    Str: 10    XL:     4   Next: 9%
Magic:  6/6        EV: 19    Int: 15    God:
Gold:   68         SH:  0    Dex: 20    Spells: 0 memorised, 3 levels left

rFire  . . .     SeeInvis .     a - +0 short sword
rCold  . . .     Clarity  .     (no shield)
rNeg   . . .     SustAt   .     (helmet restricted)
rPois  .         Gourm    .     (no amulet)
rElec  .         Spirit   .     j - +3 ring of dexterity
rCorr  .         Warding  .     (no ring)
rMut   .         Stasis   .     (no ring)
MR     .....                    (no ring)
Stlth  ++++......               (no ring)
                                (no ring)
                                (no ring)
                                (no ring)

@: agile, lethally poisoned (3 -> -2), very slightly contaminated, not resistant
to hostile enchantments, stealthy
A: almost no armour, amphibious, 8 rings, constrict 8, camouflage 1, gelatinous
body 1
a: no special abilities


You were on level 4 of the Dungeon.
You were not hungry.

You visited 1 branch of the dungeon, and saw 4 of its levels.

You collected 68 gold pieces.

Inventory:

Hand Weapons
 a - a +0 short sword (weapon)
Jewellery
 g - an uncursed ring of wizardry {unknown}
 j - a +3 ring of dexterity (left tentacle)
Wands
 b - a wand of flame (12)
 c - a wand of enslavement (15)
 d - a wand of random effects (13)
Scrolls
 k - a scroll of immolation {unknown}
 l - a scroll of identify {unknown}
Potions
 f - a potion of haste
 h - a potion of agility
Comestibles
 e - a bread ration
 i - a meat ration


   Skills:
 + Level 2.4 Fighting
 - Level 1.0 Short Blades
 + Level 3.5 Dodging
 - Level 1.3 Stealth
 - Level 3.2 Evocations


You had 3 spell levels left.
You didn't know any spells.

Dungeon Overview and Level Annotations

Branches:
Dungeon (4/15)
 Temple: D:4-7

Altars:
Makhleb

Annotations:
D:2 Terence


Innate Abilities, Weirdness & Mutations

You cannot wear most types of armour.
You are amphibious.
You can wear up to eight rings at the same time.
You can use your tentacles to constrict eight enemies at once.
Your skin changes colour to match your surroundings (Stealth).
Your rubbery body absorbs attacks (AC +1).


Message History

You puncture the adder! Your grab misses the adder.
Your squeeze misses the adder.
The adder is almost dead.
The adder bites you.
* * * LOW HITPOINT WARNING * * *
The adder bites you.
* * * LOW HITPOINT WARNING * * *
You are lethally poisoned!
The adder poisons you!
You miss the adder. Your grab misses the adder.
The adder is almost dead.
* * * LOW HITPOINT WARNING * * *
You feel sick. The adder closely misses you.
Unknown command.
Unknown command.
Unknown command.
Unknown command.
Drink which item? (? for menu, Esc to quit)
Okay, then.
Are you sure you want to abandon this character and quit the game? (Confirm with "yes".)

.#####..........##..#
## #....#.###.....#
...#[.#.# ###...##
#.###.....
##....##### .
#.##.#.##..>#......
#.##.#.....##.(....
#.##.##.....?...
#?.......#..###
.!.)...@.s.##
.#....#S.###
....###..# ###. #..#
# #..# #..# #..# #..#


You could see a scorpion and an adder.

Vanquished Creatures
  An orc priest (D:4)
  3 orcs (D:4)
  4 bats
  2 giant cockroaches
  A goblin (D:1)
  5 hobgoblins
  3 jackals (D:1)
  4 kobolds
  A quokka (D:2)
  A ball python (D:1)
  2 giant newts
  3 rats
30 creatures vanquished.

Notes
Turn   | Place    | Note
--------------------------------------------------------------
     0 | D:1      | 4thArraOfDagon the Octopode Artificer began the quest for the Orb.
     0 | D:1      | Reached XP level 1. HP: 13/13 MP: 3/3
   108 | D:1      | Reached XP level 2. HP: 15/18 MP: 4/4
   318 | D:2      | Noticed Terence
   319 | D:2      | Reached XP level 3. HP: 11/24 MP: 5/5
   369 | D:3      | Found a burning altar of Makhleb.
   369 | D:3      | Noticed a blizzard demon
   446 | D:4      | Reached XP level 4. HP: 8/30 MP: 6/6
   486 | D:4      | Noticed a scorpion
   491 | D:4      | Quit the game

Vault maps used:
D:1:      matt_arrival_spirals, minmay_bisected
D:2:      first_bread, grunt_ministairs_12, uniq_terence
D:3:      nicolae_gozag_cash_rules_everything_around_me, ecumenical_altar_1,
          roderic_lattice_a, makhleb_altar_promises_db, uniq_sigmund
D:4:      old_standard_altar, serial_shops, shop, nicolae_alphabet_shops

Action                   |  1- 3 |  4- 6 || total
-------------------------+-------+-------++-------
Melee: Short sword       |    61 |     3 ||    64
Evoke: Wand              |     3 |     2 ||     5
  Use: Potion            |     4 |       ||     4
 Stab: Sleeping          |     3 |     1 ||     4
